 Dungeon Crawl Stone Soup version 0.14-a0-77-g9a1e883 (webtiles) character file.

1318 Dewdirk the Cloud Mage (level 8, 0/46 HPs)
             Began as a High Elf Air Elementalist on Oct 1, 2013.
             Slain by a gnoll (6 damage)
             ... on Level 5 of the Dungeon.
             The game lasted 00:36:27 (7193 turns).

Dewdirk the Cloud Mage (High Elf Air Elementalist)  Turns: 7193, Time: 00:36:27

HP   0/46        AC  2     Str  9      XL: 8   Next:  3%
MP   8/20        EV 12     Int 21      God:
Gold 288         SH  0     Dex 15      Spells:  5 memorised,  1 level left

Res.Fire  : . . .   See Invis. : .   H - +0 long sword
Res.Cold  : . . .   Warding    : .   a - +0 elf robe
Life Prot.: + . .   Conserve   : .   (no shield)
Res.Poison: .       Res.Corr.  : .   (no helmet)
Res.Elec. : .       Clarity    : .   (no cloak)
Sust.Abil.: . .     Spirit.Shd : .   (no gloves)
Res.Mut.  : .       Stasis     : .   (no boots)
Res.Rott. : .       Flight     : .   (no amulet)
Saprovore : . . .                    E - ring of positive energy {unknown}
                                     D - +1 ring of strength

@: mildly poisoned, very slightly contaminated, somewhat resistant to hostile
enchantments, fairly stealthy
A: no striking features
a: no special abilities


You were on level 5 of the Dungeon.
You were hungry.

You visited 1 branch of the dungeon, and saw 5 of its levels.

You collected 268 gold pieces.

Inventory:

Hand weapons
 H - a +0,+0 long sword (weapon)
Armour
 a - a +0 elven robe (worn)
Magical devices
 B - a wand of magic darts (10)
Comestibles
 c - 3 bread rations
 j - a meat ration
 q - a choko
 x - an apple
 z - 24 grapes
 F - an apricot
 G - a pear
 I - 4 rotting chunks of centaur flesh
Scrolls
 d - 4 scrolls of remove curse
 g - 2 scrolls of curse weapon {unknown}
 i - 4 scrolls of blinking {unknown}
 k - 5 scrolls of identify {unknown}
 l - 2 scrolls of enchant weapon I {unknown}
 p - 2 scrolls of enchant armour {unknown}
 t - a scroll of teleportation {unknown}
 y - a scroll of magic mapping {unknown}
 A - 2 scrolls of fog {unknown}
 C - a scroll of noise {unknown}
Jewellery
 w - an uncursed amulet of guardian spirit
 D - a +1 ring of strength (left hand)
 E - a ring of positive energy (right hand) {unknown}
Potions
 e - 2 potions of brilliance {unknown}
 f - a potion of resistance {unknown}
 h - 2 potions of paralysis {unknown}
 m - 2 potions of mutation {unknown}
 n - 2 potions of curing {unknown}
 o - 2 potions of might {unknown}
 r - a potion of poison {unknown}
 s - a potion of speed {unknown}
 u - a potion of heal wounds {unknown}
 v - 2 potions of restore abilities {unknown}
Books
 b - a book of Air

   Spells                             Type                      Level
   *Shock                             Conjuration/Air              1
   *Swiftness                         Charms/Air                   2
   *Repel Missiles                    Charms/Air                   2
   Flight                             Charms/Air                   3
   *Static Discharge                  Conjuration/Air              3
   *Lightning Bolt                    Conjuration/Air              5


   Skills:
 - Level 2.1 Dodging
 - Level 2.1 Stealth
 - Level 3.7 Spellcasting
 + Level 6.3 Conjurations
 + Level 8.6 Air Magic


You had one spell level left.
You knew the following spells:

 Your Spells              Type           Power        Failure   Level  Hunger
a - Shock                 Conj/Air       ####         1%          1    None
b - Swiftness             Chrm/Air       ###.......   3%          2    #......
c - Static Discharge      Conj/Air       #####...     1%          3    ###....
d - Lightning Bolt        Conj/Air       #####.....   21%         5    #####..
e - Repel Missiles        Chrm/Air       ###.......   3%          2    #......


Dungeon Overview and Level Annotations

Branches:
Dungeon (5/27)
 Temple: D:4-7

Altars:
Elyvilon
Fedhas
Makhleb
Yredelemnul

Annotations:
D:5 exclusion: oklob plant


Message History

You kill the gnoll!
The zap hits the gnoll.
The gnoll is heavily wounded.
The gnoll hits you.
* * * LOW HITPOINT WARNING * * *
Casting: Shock
Confirm with . or Enter, or press ? or * to list all spells.
Aiming: Shock
Press: ? - help, Shift-Dir - straight line, f/p - gnoll
Aim: a gnoll, wielding a spear (heavily wounded)
The zap hits the gnoll.
The gnoll is moderately wounded.
The zap hits the gnoll.
The gnoll is heavily wounded.
* * * LOW HITPOINT WARNING * * *
You feel sick.
The gnoll hits you from afar with a spear.
* * * LOW HITPOINT WARNING * * *
The gnoll hits you.
You die...

#.....# #####.###
####.## #.# ###..#
#####+# #(.[## .....
###'##### ......
#.......# .......
+.......# .......
#...>...######.g.....
#.....@gg....#........
#.......####.%<../....
######### ###.?......
....... #######


You could see 2 gnolls.

Vanquished Creatures
  Eustachio (D:4)
  A phantom (D:5)
  2 ogres (D:4)
  A centaur (D:5)
  A crimson imp (D:4)
  2 hounds
  An orc priest (D:4)
  An iguana (D:4)
  2 orc wizards (D:4)
  3 worker ants
  Ijyb (D:2)
  A hound skeleton (D:4)
  7 adders
  A gnoll (D:5)
  A white imp (D:4)
  3 worms
  A giant eyeball (D:5)
  3 giant geckos
  An ooze (D:1)
  10 orcs
  3 ball pythons
  7 bats
  8 giant cockroaches
  19 hobgoblins
  5 quokkas
  A giant gecko skeleton (D:4)
  6 giant newts
  9 goblins
  A goblin skeleton (D:4)
  A hobgoblin zombie (D:5)
  8 jackals
  10 kobolds
  12 rats
134 creatures vanquished.

Vanquished Creatures (others)
  2 big fish (D:5)
2 creatures vanquished.

Grand Total: 136 creatures vanquished

Notes
Turn   | Place    | Note
--------------------------------------------------------------
     0 | D:1      | Dewdirk, the High Elf Air Elementalist, began the quest for the Orb.
     0 | D:1      | Reached XP level 1. HP: 11/11 MP: 4/4
   394 | D:1      | Reached XP level 2. HP: 17/17 MP: 1/5
   454 | D:1      | Reached skill level 4 in Air Magic
   766 | D:1      | Learned a level 2 spell: Swiftness
  1516 | D:2      | Reached XP level 3. HP: 21/21 MP: 4/7
  2181 | D:2      | Reached XP level 4. HP: 27/27 MP: 7/10
  2289 | D:2      | Noticed Ijyb
  2321 | D:2      | Killed Ijyb
  2321 | D:2      | Reached skill level 5 in Air Magic
  3973 | D:3      | Reached XP level 5. HP: 31/31 MP: 9/11
  3978 | D:3      | Learned a level 3 spell: Static Discharge
  4580 | D:4      | Got a warped spear
  4587 | D:4      | Identified the cursed +1,-1 spear "Killer Bee's Death" {elec, +Rage rF+} (You found it on level 4 of the Dungeon)
  4587 | D:4      | Identified the cursed +1,-1 spear "Killer Bee's Death" {elec, +Rage rF+} (You found it on level 4 of the Dungeon)
  4748 | D:4      | Reached skill level 6 in Air Magic
  4969 | D:4      | Reached XP level 6. HP: 36/36 MP: 10/13
  4984 | D:4      | Reached skill level 5 in Conjurations
  5548 | D:4      | Found a burning altar of Makhleb.
  5561 | D:4      | Found a basalt altar of Yredelemnul.
  5566 | D:4      | Found a white marble altar of Elyvilon.
  5638 | D:4      | Noticed Eustachio
  5652 | D:4      | Killed Eustachio
  5652 | D:4      | Reached skill level 7 in Air Magic
  5652 | D:4      | Reached XP level 7. HP: 27/41 MP: 0/18
  5659 | D:4      | Learned a level 5 spell: Lightning Bolt
  6176 | D:4      | Noticed an ogre
  6198 | D:4      | Killed an ogre
  6352 | D:4      | Learned a level 2 spell: Repel Missiles
  6353 | D:5      | Entered Level 5 of the Dungeon
  6383 | D:4      | Reached skill level 8 in Air Magic
  6631 | D:5      | Found a blossoming altar of Fedhas.
  6715 | D:5      | Noticed an oklob plant
  7179 | D:5      | Reached XP level 8. HP: 21/46 MP: 12/20
  7193 | D:5      | Slain by a gnoll

Action                   |  1- 3 |  4- 6 |  7- 9 || total
-------------------------+-------+-------+-------++-------
Melee: Mace              |    39 |    74 |       ||   113
       Spear             |       |    11 |       ||    11
       Flail             |       |    16 |       ||    16
       Long sword        |       |     4 |    14 ||    18
 Cast: Shock             |    60 |   128 |    63 ||   251
       Static Discharge  |       |     4 |     3 ||     7
       Swiftness         |       |     1 |     3 ||     4
       Repel Missiles    |       |       |     1 ||     1
Evoke: Wand              |       |       |     1 ||     1
  Use: Scroll            |       |     2 |       ||     2
 Stab: Sleeping          |       |       |     1 ||     1
